Map: Bel'Shir Vestige LE (Void)

Players

Raze - Winner!

  • Race: Terran Terran
  • League: Grandmaster
  • Spawn Location: 5:00

Railgan

  • Race: Zerg Zerg
  • League: Grandmaster
  • Spawn Location: 11:00

VOD

Have the link to the VOD?

Description

Time

  • Played on: March 25, 2017, 6:06 p.m.
  • Length: 25:33
Show
View Real Time Build Order
Export as new Build Order

Raze Terran - Winner!

Build Orders: MMM Bio 

Get SALT Encoding   

  12  0:00  SCV  
  13  0:12  SCV  
  14  0:17  Supply Depot  
  14  0:24  SCV  
  15  0:39  Barracks, SCV  
  16  0:43  Refinery  
  16  0:51  SCV  
  17  1:03  SCV  
  18  1:15  SCV  
  19  1:26  Barracks Reactor  
  19  1:27  Orbital Command  
  19  1:38  Command Center  
  19  1:49  Barracks  
  19  1:53  SCV  
  20  1:59  Supply Depot  
  20  2:03  Marine  
  20  2:05  Marine  
  20  2:08  SCV  
  23  2:16  Factory  
  23  2:21  SCV  
  24  2:26  Marine x2  
  26  2:33  Refinery, SCV  
  27  2:37  Barracks Tech Lab  
  27  2:44  Marine x2  
  27  2:45  SCV  
  30  2:57  SCV  
  30  2:58  Marine, Stimpack  
  32  3:03  Orbital Command  
  32  3:07  Marine  
  32  3:08  Marine  
  34  3:14  SCV  
  34  3:15  Marine  
  36  3:21  Starport  
  36  3:23  Factory Reactor  
  36  3:26  SCV  
  37  3:29  SCV  
  37  3:33  Marine x2  
  40  3:36  Marine  
  40  3:38  SCV  
  42  3:41  SCV  
  42  3:47  Supply Depot  
  43  3:50  SCV  
  43  3:52  Marine x2  
  46  4:00  SCV  
  46  4:05  Supply Depot  
  46  4:09  Marine, SCV, Medivac x2  
  52  4:12  SCV  
  52  4:14  Supply Depot  
  52  4:16  Marine  
  54  4:26  Marine  
  54  4:27  Engineering Bay, SCV x2  
  54  4:29  Engineering Bay  
  57  4:33  Marine  
  58  4:39  SCV x2  
  58  4:43  Marine  
  58  4:44  Marine  
  62  4:50  Marine  
  62  4:51  SCV x2  
  65  4:53  Supply Depot  
  65  4:56  Terran Infantry Armor Level 1, Terran Infantry Weapons Level 1  
  65  4:59  Combat Shields  
  65  5:03  Marine, Supply Depot, SCV  
  65  5:05  Marine  
  68  5:08  Marine  
  68  5:12  SCV  
  70  5:15  SCV  
  70  5:21  Marine  
  71  5:23  Marine  
  71  5:26  Marine  
  68  5:37  Medivac x2  
  68  5:39  Marine, SCV  
  74  5:48  SCV  
  74  5:49  Command Center  
  75  5:51  SCV  
  75  5:53  Supply Depot  
  76  5:59  Barracks, Factory Tech Lab  
  76  6:00  Barracks  
  76  6:06  Marine x2  
  76  6:07  Marine, SCV x2  
  81  6:12  Barracks  
  81  6:19  SCV x2  
  81  6:22  Siege Tank  
  81  6:25  Refinery  
  86  6:32  Marine x2  
  88  6:34  SCV x2  
  88  6:36  Refinery  
  88  6:38  Marine  
  91  6:41  Supply Depot  
  91  6:46  SCV  
  92  6:49  Barracks Reactor x2  
  92  6:50  Marine x2  
  94  6:57  Armory  
  94  7:01  Marine  
  96  7:02  Barracks Reactor  
  96  7:03  SCV x2  
  96  7:04  Orbital Command  
  84  7:22  Marine x3  
  83  7:23  Medivac x2  
  83  7:25  SCV x2  
  83  7:29  Marine x4  
  93  7:35  Siege Tank  
  96  7:39  Marine  
  85  7:44  Orbital Command  
  85  7:45  Marine x4  
  85  7:47  Marine  
  85  7:48  SCV x2  
  89  7:56  Marine x3  
  89  7:57  Marine  
  93  8:00  Terran Infantry Weapons Level 2, Terran Infantry Armor Level 2  
  93  8:03  Marine x4  
  93  8:04  Marine, SCV x2  
  96  8:14  Marine  
  96  8:18  Marine  
  83  8:20  Marine  
  83  8:21  SCV  
  83  8:23  Marine  
  83  8:25  Marine  
  83  8:26  SCV  
  74  8:28  Marine  
  74  8:31  SCV  
  74  8:32  Marine x4  
  74  8:33  SCV  
  72  8:36  Marine  
  72  8:38  Medivac x2  
  72  8:39  Marine  
  68  8:42  Marine  
  68  8:43  Marine  
  68  8:46  Marine  
  68  8:47  SCV  
  67  8:50  Marine x2  
  67  8:54  SCV x2  
  71  8:59  SCV  
  71  9:01  Siege Tank  
  75  9:06  Supply Depot, SCV x2  
  75  9:09  Marine x3  
  80  9:12  SCV  
  81  9:18  SCV  
  81  9:19  Supply Depot  
  81  9:21  SCV  
  83  9:26  Marine  
  83  9:31  SCV x2  
  86  9:33  Siege Tank, SCV  
  86  9:37  Marine x7  
  93  9:44  Marine  
  94  9:51  Marine  
  86  9:55  Marine x6  
  86  9:57  Marine  
  84  10:02  Marine  
  85  10:09  Marine  
  85  10:12  Marine  
  85  10:13  Marine  
  87  10:20  Terran Infantry Armor Level 3, Terran Infantry Weapons Level 3  
  87  10:21  Marine  
  86  10:23  Marine  
  88  10:31  Marine x2  
  88  10:35  Siege Tank  
  93  10:41  Marine x2  
  93  10:46  Marine x3  
  93  10:50  Medivac  
  93  10:54  Marine  
  95  10:58  Marine  
  96  11:11  Orbital Command  
  96  11:13  Siege Tank  
  96  11:16  Marine x3  
  102  11:39  Marine  
  102  11:53  Supply Depot  
  102  11:54  Supply Depot  
  102  11:55  Marine  
  102  11:56  Supply Depot  
  102  11:58  Marine x2  
  102  12:05  Marine x3  
  102  12:06  Marine  
  97  12:11  Marine  
  97  12:14  Raven  
  97  12:15  Marine x2  
  93  12:16  Marine x2, Factory Tech Lab  
  96  12:23  Marine x3  
  96  12:26  Sensor Tower  
  96  12:29  Missile Turret  
  99  12:32  Marine x2  
  99  12:33  Marine  
  102  12:50  Siege Tank  
  105  12:53  Marine x8  
  105  12:58  Supply Depot  
  113  13:15  Marine  
  113  13:16  Marine x6  
  119  13:20  Terran Vehicle Weapons Level 1  
  119  13:23  Siege Tank  
  121  13:34  Marine x4  
  121  13:35  Marine x4  
  122  13:47  Marine  
  113  13:52  Marine x5  
  113  13:55  Siege Tank, Medivac  
  123  13:56  Medivac  
  123  14:18  Marine x8  
  123  14:21  Marine  
  132  14:36  Marine  
  133  14:39  Marine  
  133  14:42  Marine  
  133  14:43  Supply Depot  
  133  14:45  Marine x2  
  134  15:05  Marine x8  
  142  15:28  Supply Depot  
  142  15:30  Supply Depot  
  142  15:38  Orbital Command  
  142  15:47  Marine, Medivac  
  142  15:49  Marine x2, Medivac  
  149  15:50  Siege Tank  
  149  15:55  Marine  
  149  15:56  Marine x5  
  152  16:04  Marine  
  153  16:14  Marine x5  
  158  16:20  Supply Depot  
  158  16:41  Marine, Siege Tank  
  158  16:45  Marine x4  
  166  16:52  Supply Depot x2  
  166  16:59  Marine  
  165  17:06  Marine  
  157  17:13  Siege Tank  
  160  17:19  Marine  
  160  17:20  Marine  
  161  17:26  Marine x3  
  155  17:43  Marine  
  155  17:44  Marine x4  
  158  17:58  Marine  
  154  18:05  Siege Tank  
  154  18:06  Marine x8  
  154  18:09  Orbital Command  
  154  18:10  Barracks  
  154  18:11  Barracks x3  
  164  18:16  Liberator x2  
  164  18:32  Marine  
  171  18:39  Refinery x2  
  171  18:45  Marine x4  
  171  18:48  Marine x2  
  175  18:49  Refinery  
  177  19:01  Marine  
  178  19:06  Marine  
  179  19:11  Siege Tank  
  179  19:16  Supply Depot  
  182  19:17  Supply Depot  
  182  19:18  Supply Depot x2  
  182  19:32  Marine x3  
  182  19:33  Marine x3  
  157  19:44  Marine  
  118  19:46  Siege Tank  
  103  19:56  Marine  
  103  19:57  Marine x3  
  103  19:58  Marine x8  
  111  20:02  Marine, Liberator  
  104  20:08  Liberator  
  98  20:14  Marine x4  
  98  20:16  Marine x8  
  98  20:18  Siege Tank  
  98  20:20  Marine  
  114  20:32  Marine x4  
  114  20:33  Marine  
  114  20:34  Marine x5  
  124  20:45  Marine x2  
  125  20:50  Marine x2  
  125  20:53  Siege Tank  
  128  21:03  Marine x7  
  132  21:25  Siege Tank  
  134  21:29  Marine  
  134  21:30  Marine x2  
  137  21:35  Marine  
  138  21:53  Marine  
  129  21:54  Command Center  
  126  22:28  Marine x5  
  131  22:30  Siege Tank, Marine x4  
  131  22:31  Marine x3  
  131  22:33  Raven  
  138  22:37  Orbital Command  
  134  22:46  Marine x4  
  138  23:02  Siege Tank, Marine  
  138  23:03  Marine x7  
  133  23:36  Orbital Command  
  133  23:39  Siege Tank, Marine x5  
  141  24:08  Marine x8  
  149  24:11  Refinery  
  149  24:12  Raven, Refinery  
  151  24:17  Siege Tank, Marine x4  
  156  24:26  Marine x3  
  156  24:29  Marine  
  156  24:30  Marine  
  158  24:34  Supply Depot  
  158  24:56  Marine x7  
  161  25:08  Marine x4  
Show
View Real Time Build Order
Export as new Build Order

Railgan Zerg 

Build Orders: Pool First, Lurkers 

Get SALT Encoding   

  12  0:01  Drone  
  13  0:12  Overlord  
  13  0:17  Drone  
  14  0:30  Drone  
  14  0:31  Drone  
  14  0:34  Drone  
  17  0:45  Spawning Pool  
  17  0:47  Drone  
  17  0:56  Drone  
  18  1:11  Hatchery  
  18  1:13  Extractor  
  18  1:15  Drone  
  17  1:22  Drone  
  18  1:32  Zergling x2, Queen  
  19  1:38  Drone  
  22  2:01  Overlord  
  22  2:05  Extractor, Drone  
  23  2:19  Queen  
  23  2:20  Drone, Metabolic Boost  
  26  2:25  Queen  
  28  2:30  Drone  
  28  2:31  Drone  
  28  2:33  Drone  
  28  2:35  Overlord  
  31  2:39  Drone  
  31  2:40  Drone x2  
  33  2:45  Drone x2  
  35  2:55  Evolution Chamber, Drone  
  35  2:56  Drone  
  36  3:07  Drone x2  
  38  3:17  Zergling x2  
  38  3:19  Drone  
  40  3:21  Zerg Ground Armor Level 1  
  40  3:27  Overlord  
  40  3:29  Drone  
  40  3:32  Extractor  
  40  3:34  Extractor, Drone x3, Overlord  
  40  3:35  Drone  
  40  3:36  Drone  
  44  3:46  Drone x2  
  46  3:51  Extractor, Lair  
  46  3:54  Drone  
  46  3:55  Drone  
  47  4:01  Drone x3  
  50  4:02  Overlord  
  50  4:06  Drone x4  
  54  4:16  Zergling x2  
  55  4:18  Zergling x2  
  56  4:31  Zergling x4  
  58  4:39  Zergling x12  
  64  4:49  Overlord  
  64  4:52  Hydralisk Den  
  63  4:53  Evolution Chamber  
  63  4:57  Zergling x6, Queen  
  67  5:06  Overlord  
  67  5:07  Queen  
  67  5:09  Zergling x6  
  72  5:15  Zergling x8  
  72  5:16  Zerg Ground Armor Level 2  
  76  5:30  Overlord  
  76  5:31  Overlord  
  74  5:36  Overlord  
  74  5:38  Overlord  
  74  5:42  Zerg Missile Weapons Level 1  
  73  5:43  Muscular Augments  
  73  5:45  Drone  
  73  5:46  Drone  
  73  5:48  Overlord  
  75  5:56  Hydralisk x5, Hatchery  
  84  6:04  Hydralisk  
  84  6:07  Hydralisk  
  88  6:12  Hydralisk x3  
  88  6:14  Overlord  
  93  6:31  Hydralisk x4  
  101  6:34  Hydralisk  
  101  6:39  Hydralisk  
  103  6:40  Hydralisk x2  
  103  6:45  Spine Crawler  
  103  6:46  Overlord  
  108  6:50  Hydralisk  
  110  6:56  Overseer  
  110  6:59  Hydralisk x3  
  116  7:12  Hydralisk  
  116  7:14  Hydralisk  
  116  7:15  Hydralisk x2  
  99  7:19  Hydralisk x2  
  105  7:26  Hydralisk x2  
  105  7:28  Zergling x2  
  110  7:30  Drone  
  111  7:45  Hydralisk x4  
  111  7:48  Drone x3  
  122  7:53  Zergling x6  
  125  8:02  Zerg Missile Weapons Level 2  
  125  8:09  Hydralisk  
  127  8:18  Hydralisk  
  113  8:26  Hydralisk  
  93  8:27  Hydralisk  
  93  8:28  Hydralisk x2  
  87  8:34  Hydralisk  
  87  8:37  Hydralisk  
  85  8:43  Hydralisk  
  85  8:47  Drone x8  
  85  8:50  Queen  
  85  8:52  Extractor  
  85  8:55  Drone  
  87  8:59  Drone  
  87  9:00  Drone  
  87  9:02  Lurker Den  
  89  9:04  Extractor  
  88  9:14  Hydralisk x3  
  94  9:23  Hydralisk  
  94  9:24  Zergling x2  
  95  9:29  Hydralisk, Hatchery  
  95  9:30  Hydralisk x2  
  100  9:38  Hydralisk  
  100  9:39  Hydralisk x3  
  100  9:42  Zergling x2  
  100  9:43  Zergling x6  
  112  9:50  Hydralisk  
  112  9:51  Hydralisk x3  
  115  9:55  Hydralisk  
  115  9:57  Hydralisk  
  103  10:02  Hydralisk x2  
  103  10:08  Hydralisk  
  103  10:15  Hydralisk x2  
  103  10:20  Hydralisk  
  109  10:23  Drone  
  109  10:24  Hydralisk  
  112  10:28  Hatchery  
  112  10:33  Zerg Melee Weapons Level 1  
  106  10:49  Hatchery  
  105  10:50  Lurker x3  
  108  11:01  Pneumatized Carapace  
  108  11:07  Zergling x2  
  108  11:08  Overlord x2, Zergling x4  
  108  11:09  Overlord  
  111  11:17  Overlord  
  111  11:30  Hydralisk x3  
  111  11:31  Hydralisk  
  113  11:41  Hydralisk x2  
  113  11:42  Zergling x2  
  113  11:44  Lurker  
  118  11:52  Hydralisk  
  115  12:04  Hydralisk  
  115  12:05  Hydralisk x3  
  113  12:15  Drone x2  
  113  12:17  Lurker  
  115  12:22  Spine Crawler  
  115  12:23  Zergling x2  
  115  12:31  Zergling x4  
  117  12:38  Hydralisk x2  
  117  12:39  Zergling x4  
  123  12:48  Hatchery  
  121  12:52  Lurker x2  
  121  12:53  Lurker  
  121  12:57  Infestation Pit  
  123  13:08  Hydralisk  
  125  13:23  Overlord  
  125  13:30  Hydralisk x2  
  129  13:35  Hive  
  129  13:36  Drone  
  129  13:37  Drone x8  
  129  13:41  Hydralisk  
  128  13:47  Lurker  
  118  13:48  Lurker  
  118  13:49  Hydralisk x5  
  128  14:00  Hydralisk x3  
  133  14:08  Lurker  
  134  14:10  Lurker  
  134  14:11  Lurker  
  136  14:20  Extractor x2, Spine Crawler  
  133  14:37  Overlord  
  133  14:39  Zergling x18  
  133  14:40  Zergling x2  
  133  14:53  Viper, Lurker x3  
  133  14:56  Viper  
  133  14:58  Zergling x10  
  146  15:04  Drone  
  146  15:05  Drone x2  
  148  15:18  Hatchery  
  139  15:25  Hydralisk x4  
  146  15:29  Zerg Ground Armor Level 3  
  146  15:35  Zergling x14  
  150  15:37  Hydralisk x2  
  155  15:57  Hydralisk x5  
  155  16:02  Zergling x4  
  167  16:04  Hydralisk, Spine Crawler  
  167  16:05  Spore Crawler  
  166  16:17  Overlord x2  
  165  16:24  Viper x3  
  171  16:45  Hydralisk  
  171  16:46  Hydralisk x3  
  179  16:55  Hydralisk  
  179  16:56  Hydralisk x5  
  191  17:06  Hydralisk  
  191  17:07  Hydralisk  
  195  17:09  Zergling x2  
  195  17:10  Overlord, Zergling x2  
  195  17:11  Overlord  
  195  17:16  Overlord  
  195  17:18  Overlord  
  195  17:28  Hydralisk x3  
  182  17:38  Hydralisk x3  
  182  17:39  Zergling x2  
  182  17:40  Zergling x2  
  188  17:45  Hydralisk  
  188  17:48  Zergling x6  
  188  17:49  Zergling x2  
  193  18:02  Viper  
  184  18:25  Lurker  
  185  18:28  Viper  
  188  18:34  Zergling x2  
  188  18:35  Zergling x14  
  188  18:39  Hydralisk  
  198  18:42  Hatchery  
  191  19:18  Hydralisk x3  
  197  19:27  Hydralisk  
  197  19:29  Hatchery  
  198  19:35  Evolution Chamber  
  162  19:40  Hydralisk x8  
  160  19:48  Hydralisk  
  160  19:49  Hydralisk x3  
  144  20:06  Hydralisk x3  
  120  20:21  Viper  
  120  20:23  Zergling x4  
  125  20:36  Hatchery  
  124  20:49  Zerg Missile Weapons Level 3  
  124  20:52  Hatchery  
  123  21:04  Hydralisk  
  123  21:05  Hydralisk x2  
  129  21:12  Zergling x14  
  129  21:14  Lurker x2  
  129  21:15  Queen x2  
  116  21:21  Hydralisk x3  
  116  21:25  Hydralisk  
  120  21:29  Spine Crawler  
  122  21:40  Hydralisk  
  122  21:41  Hydralisk x2  
  128  21:48  Queen x2  
  128  21:51  Queen x2  
  132  22:04  Hydralisk  
  132  22:06  Hydralisk  
  127  22:17  Hydralisk x3  
  126  22:48  Lurker x3  
  128  23:12  Viper  
  111  23:32  Lurker  
  109  23:37  Hatchery  
  108  24:36  Extractor  
  107  24:39  Extractor  
Tags
 
Add a new tag
Caveats
  • Supply blocks, unpowered buildings, or Contaminate may cause inaccurate times.
  • Supply counts are checked every 10 seconds.